 Dungeon Crawl Stone Soup version 0.19.4-9-g45fd643 (console) character file.

34 Grinner the Changer (level 3, 0/17 HPs)
             Began as a Spriggan Transmuter on Feb 16, 2017.
             Killed by nerve-wracking pain
             ... invoked by Jessica
              (11 damage)
             ... on level 2 of the Dungeon.
             The game lasted 00:03:44 (1582 turns).

Grinner the Changer (Spriggan Transmuter)           Turns: 1582, Time: 00:03:45

Health: 0/17       AC:  2    Str:  7    XL:     3   Next: 14%
Magic:  4/8        EV: 19    Int: 14    God:
Gold:   86         SH:  0    Dex: 16    Spells: 3 memorised, 3 levels left

rFire  . . .     SeeInvis +       - Unarmed
rCold  . . .     Gourm    .     b - +0 robe
rNeg   . . .     Faith    .     (shield restricted)
rPois  .         Spirit   .     (helmet restricted)
rElec  .         Reflect  .     (no cloak)
rCorr  .         Harm     .     (gloves unavailable)
MR     .....                    (boots unavailable)
Stlth  +.........               (no amulet)
                                (no ring)
                                (no ring)

@: very slightly contaminated, very quick
A: unfitting armour, see invisible, herbivore 3, speed 3, slow metabolism 2
a: no special abilities


You were on level 2 of the Dungeon.
You were not hungry.

You visited 1 branch of the dungeon, and saw 2 of its levels.

You collected 86 gold pieces.

Inventory:

Missiles
 a - 6 arrows
Armour
 b - a +0 robe (worn)
Wands
 l - a wand of lightning (6/15)
Scrolls
 f - a scroll of identify {unknown}
 i - 3 scrolls of remove curse {unknown}
 k - a scroll of enchant weapon {unknown}
Potions
 e - a potion of berserk rage {unknown}
 g - a potion of curing {unknown}
 h - a potion of degeneration {unknown}
Books
 c - a book of Changes

   Spells                             Type                      Level
   a - Beastly Appendage              Transmutation                1
   b - Sticks to Snakes               Transmutation                2
   c - Spider Form                    Transmutation/Poison         3
   d - Ice Form                       Ice/Transmutation            4
   e - Blade Hands                    Transmutation                5
 j - a book of Minor Magic

   Spells                             Type                      Level
   a - Magic Dart                     Conjuration                  1
   b - Blink                          Translocation                2
   c - Call Imp                       Summoning                    2
   d - Repel Missiles                 Charms/Air                   2
   e - Slow                           Hexes                        2
   f - Conjure Flame                  Conjuration/Fire             3
   g - Mephitic Cloud                 Conjuration/Poison/Air       3
Comestibles
 d - a bread ration


   Skills:
 - Level 0.7 Fighting
 + Level 3.4 Dodging
 + Level 2.6 Unarmed Combat
 + Level 3.1 Spellcasting
 * Level 3.8 Transmutations


You had 3 spell levels left.
You knew the following spells:

 Your Spells              Type           Power        Failure   Level  Hunger
c - Call Imp              Summ           #.......     34%         2    ##.....
v - Sticks to Snakes      Tmut           ##......     10%         2    ##.....
z - Beastly Appendage     Tmut           ##....       4%          1    #......


Dungeon Overview and Level Annotations

Branches:
Dungeon (2/15)

Altars:

Annotations:
D:2 Jessica


Innate Abilities, Weirdness & Mutations

You are very small and have problems with some larger weapons.
You are too small for most types of armour.
You have supernaturally acute eyesight. (SInv)
You are a herbivore.
You cover ground extremely quickly.
You need consume almost no food.


Message History

Magic restored.
You start resting.
Casting: Sticks to Snakes
Confirm with . or Enter, or press ? or * to list all spells.
You miscast Sticks to Snakes.
You are very lightly contaminated with residual magic.
Nothing appears to happen.
Jessica shouts!
Casting: Sticks to Snakes
Confirm with . or Enter, or press ? or * to list all spells.
You create a snake!
You now have 6 arrows.
Casting: Sticks to Snakes
Confirm with . or Enter, or press ? or * to list all spells.
You don't know that spell.
You closely miss Jessica. Jessica barely misses you.
You hit Jessica but do no damage.
Jessica points at you and mumbles some strange words.
Pain shoots through your body!
Ouch! That really hurt!
You die...

.#<.# ..... #.. # ..#.#
#.. .# ..(l#######
##..#####.#### ...........
#............#
...........##.#....>....$#
..@.......[....#.........#
#.S........ #.@S........#
#.......... #.#@........#
........#.####.#.........#
..<.....#....#.>.........#
(.......# #.............#
........# #.............#
........# #.(.....#######
........####.......#
######............###
....#########.......######


You could see Jessica and a friendly adder.

Vanquished Creatures
  A worm (D:2)
  2 dart slugs (D:1)
  2 bats
  3 giant cockroaches (D:1)
  2 goblins (D:1)
  5 hobgoblins
  2 rats (D:1)
17 creatures vanquished.

Vanquished Creatures (collateral kills)
  An adder (D:2)
  2 worms (D:2)
3 creatures vanquished.

Grand Total: 20 creatures vanquished

Notes
Turn   | Place    | Note
-------+----------+-------------------------------------------
     0 | D:1      | Grinner the Spriggan Transmuter began the quest for the Orb.
     0 | D:1      | Reached XP level 1. HP: 9/9 MP: 5/5
   509 | D:1      | Reached XP level 2. HP: 6/14 MP: 4/6
  1272 | D:2      | Noticed Jessica
  1410 | D:2      | Learned a level 2 spell: Call Imp
  1413 | D:2      | Learned a level 2 spell: Sticks to Snakes
  1480 | D:2      | Reached XP level 3. HP: 17/17 MP: 2/8
  1582 | D:2      | Killed from afar by Jessica

Skill      XL: |  1  2 |
---------------+-------+-----
Transmutations | 3 |  3.8
Spellcasting   | 3 |  3.1
Fighting       | |  0.7
Dodging        | |  3.4
Unarmed Combat | |  2.6

Action                   || total
-------------------------++-------
Melee: Unarmed           ||    85
       Kick              ||    15
 Cast: Beastly Appendage ||    11
       Sticks to Snakes  ||     6
Armor: Robe              ||     4
Dodge: Dodged            ||    62
